 Dungeon Crawl Stone Soup version 0.27.0-1-g7a089689b8 (webtiles) character file.

Game seed: 7704411053674638716

1702 unlimited1921 the Magician (level 9, 0/111 HPs)
             Began as a Hill Orc Fire Elementalist on Aug 15, 2021.
             Was a Follower of Vehumet.
             Slain by Duvessa (2 damage)
             ... on level 6 of the Dungeon.
             The game lasted 01:53:22 (7162 turns).

unlimited1921 the Magician (HOFE)                   Turns: 7162, Time: 01:53:32

Health: 0/111      AC: 24    Str: 13    XL:     9   Next: 3%
Magic:  1/18       EV:  2    Int: 22    God:    Vehumet [*.....]
Gold:   267        SH:  0    Dex: 11    Spells: 11/20 levels left

rFire    . . .     SeeInvis .   u - +3 hand axe
rCold    . . .     Faith    .   (no shield)
rNeg     + + +     Spirit   .   (armour currently unavailable)
rPois    +         Reflect  .   (helmet currently unavailable)
rElec    .         Harm     .   (cloak currently unavailable)
rCorr    .         Rampage  .   (gloves currently unavailable)
Will     .....     NoTele   +   (boots currently unavailable)
Stlth    +.........             p - amulet of the acrobat
HPRegen  0.28/turn              m - +6 ring of intelligence
MPRegen  0.16/turn              t - ring of wizardry

@: lit by a corona, tree-form, glowing
A: stationary, stasis, torment immunity, boosted hp
a: Renounce Religion


You were on level 6 of the Dungeon.
You worshipped Vehumet.
Vehumet was aware of your devotion.
You were a tree.
You visited 2 branches of the dungeon, and saw 7 of its levels.

You collected 332 gold pieces.
You spent 65 gold pieces at shops.

Inventory:

Hand Weapons
 c - a +0 hand crossbow
 u - a +3 hand axe (weapon)
 y - a +2 short sword of speed
 G - a +0 dagger
 L - a +2 flail of protection
 N - a +3 spear of freezing
Missiles
 g - 191 stones
 k - 62 bolts
 l - 33 arrows
 M - 17 poisoned darts
Armour
 a - a +0 robe (melded)
 n - a +2 pair of boots (melded)
 r - a +0 pair of gloves (melded)
 w - the +1 scale mail "Ratoph" {Str+3}
   (You found it on level 4 of the Dungeon)

   Str:       It affects your strength (+3).
 B - a +0 cloak (melded)
 J - a +0 leather armour
Magical Staves
 A - a staff of poison
Jewellery
 m - a +6 ring of intelligence (left branch)
 o - a ring of wizardry
 p - an amulet of the acrobat (around neck)
 t - a ring of wizardry (right branch)
 C - an amulet of regeneration
 D - an amulet of reflection
 F - a +4 ring of protection
Wands
 x - a wand of flame (7) (quivered)
Scrolls
 d - 2 scrolls of fear {unknown}
 f - a scroll of noise {unknown}
 i - 2 scrolls of magic mapping
 j - 2 scrolls of immolation
 q - a scroll of enchant armour {unknown}
 s - a scroll of amnesia {unknown}
 v - 3 scrolls of teleportation
 K - a scroll of vulnerability {unknown}
Potions
 b - a potion of cancellation
 e - a potion of brilliance
 h - a potion of might
 z - a potion of attraction
 H - a potion of heal wounds {unknown}
 I - a potion of resistance {unknown}


   Skills:
 * Level 5.1 Fighting
 - Level 0.1 Axes
 * Level 3.1 Crossbows
 + Level 2.2 Dodging
 + Level 2.7 Stealth
 + Level 6.4 Spellcasting
 - Level 1.3 Conjurations
 + Level 2.5 Hexes
 - Level 3.8 Fire Magic
 + Level 1.1 Evocations


You had 11 spell levels left.
You knew the following spells:

 Your Spells              Type           Power      Damage    Failure   Level
a - Foxfire               Conj/Fire      72%        2x1d7     1%          1
b - Inner Flame           Hex/Fire       21%        N/A       2%          3
c - Ensorcelled Hibernat  Hex/Ice        24%        N/A       3%          2
d - Conjure Flame         Conj/Fire      18%        6-21      3%          3

Your spell library contained the following spells:

 Spells                   Type           Power      Damage    Failure   Level
 Shock                    Conj/Air       36%        1d5       2%          1
 Spider Form              Tmut/Pois      3%         N/A       11%         3
 Sticky Flame             Conj/Fire      18%        2d4       12%         4
 Fireball                 Conj/Fire      9%         3d6       32%         5
 Shadow Creatures         Summ           N/A        N/A       99%         6


Dungeon Overview and Level Annotations

Branches:
Dungeon (6/15)             Temple (1/1) D:5

Altars:
Ashenzari
Dithmenos
Elyvilon
Fedhas
Gozag
Hepliaklqana
Kikubaaqudgha
Makhleb
Nemelex Xobeh
Qazlal
Ru
Sif Muna
Trog
Uskayaw
Vehumet
Xom
Yredelemnul
The Shining One

Shops:
D:3 ?

Annotations:
D:6 Duvessa


Message History

Duvessa hits you with a +1 rapier of freezing.
Duvessa freezes you. Duvessa closely misses you.
You barely miss Duvessa.
Duvessa is severely wounded.
Duvessa hits you with a +1 rapier of freezing!
Duvessa freezes you. Duvessa misses you.
You completely miss Duvessa.
Duvessa is severely wounded.
Duvessa closely misses you.
Casting: Foxfire (safe; 1% risk of failure)
Confirm with . or Enter, or press ? or * to list all spells.
You conjure some foxfire!
Duvessa hits you with a +1 rapier of freezing.
Duvessa freezes you. Duvessa closely misses you.
The foxfire hits Duvessa.
Duvessa is severely wounded.
The foxfire hits Duvessa.
Duvessa is severely wounded.
Duvessa hits you with a +1 rapier of freezing!
Duvessa freezes you. Duvessa completely misses you.
You see here a +0 spear.
Aiming: Throw Flame
Press: ? - help, Q - select action, (/) - cycle Shift-Dir - straight line, f - Duvessa
Aim: Duvessa, wielding a +1 rapier of freezing and wearing a +0 leather armour (severely wounded, berserk, 72% to hit)
The puff of flame hits Duvessa but does no damage.
Duvessa is severely wounded.
Duvessa hits you with a +1 rapier of freezing!
* * * LOW HITPOINT WARNING * * *
Duvessa freezes you!
* * * LOW HITPOINT WARNING * * *
You turn into a tree.
Your +0 cloak melds into your body.
Your +0 pair of gloves melds into your body.
Your +2 pair of boots melds into your body.
Your +0 robe melds into your body.
Your roots penetrate the ground.
Duvessa hits you with a +1 rapier of freezing.
* * * LOW HITPOINT WARNING * * *
Duvessa freezes you.
You die...

#.[.ee##.#.###.........
#.....#................
#.....#................
#.....#................
+......................
###....##................
#<...........###[........
#####..........e[[.#####
#.........##♣###
#...).....##.# ...
#########.##.## #.####
#.....# #.#...
####..######## #.#.#.
#.........[.###.#.#.
#...........'.#.#.#.
###...........#.#.#.#)
#............)........


You could see Duvessa (berserk).

Vanquished Creatures
  A troll (D:6)
  4 sky beasts
  An ice beast (D:6)
  A black bear (D:5)
  A necrophage (D:5)
  An ogre (D:4)
  Blork the orc (D:4)
  Dowan (D:6)
  2 centaur zombies
  A gnoll shaman (D:6)
  4 orc priests (D:5)
  3 hounds
  A jelly (D:6)
  2 orc wizards
  2 hound skeletons (D:5)
  A hound zombie (D:5)
  A howler monkey skeleton (D:5)
  7 gnolls (D:6)
  4 adders
  A shadow imp (D:6)
  An ufetubus (D:4)
  A dart slug (D:2)
  14 orcs
  7 endoplasms
  3 giant cockroaches
  6 goblins
  6 jackals
  6 quokkas
  8 ball pythons
  6 bats
  5 frilled lizards
  5 kobolds
  5 rats
113 creatures vanquished.

Vanquished Creatures (others)
  397 foxfires
397 creatures vanquished.

Grand Total: 510 creatures vanquished

Notes
Turn   | Place    | Note
-------+----------+-------------------------------------------
     0 | D:1      | unlimited1921 the Hill Orc Fire Elementalist began the
                  | quest for the Orb.
     0 | D:1      | Reached XP level 1. HP: 14/14 MP: 3/3
   150 | D:1      | Reached XP level 2. HP: 20/20 MP: 0/4
   510 | D:1      | Reached skill level 1 in Fighting
   773 | D:1      | Reached XP level 3. HP: 28/28 MP: 2/5
  1173 | D:2      | Reached skill level 2 in Spellcasting
  1315 | D:2      | Learned a level 3 spell: Inner Flame
  1374 | D:2      | Learned a level 2 spell: Ensorcelled Hibernation
  1505 | D:2      | Reached XP level 4. HP: 31/36 MP: 2/7
  1655 | D:2      | Found a faded altar of an unknown god.
  2238 | D:3      | Found Sususmank's Magic Scroll Boutique.
  2732 | D:3      | Bought a scroll of identify for 26 gold pieces
  2732 | D:3      | Bought a scroll of teleportation for 39 gold pieces
  2793 | D:4      | Noticed an ogre
  2983 | D:4      | Killed an ogre
  2984 | D:4      | Reached skill level 3 in Spellcasting
  2984 | D:4      | Reached XP level 5. HP: 41/41 MP: 4/9
  3077 | D:4      | Noticed Blork the orc
  3549 | D:4      | Killed Blork the orc
  3550 | D:4      | Reached XP level 6. HP: 27/50 MP: 0/11
  3751 | D:4      | Reached skill level 4 in Spellcasting
  4004 | D:4      | Identified the +1 scale mail "Ratoph" {Str+3}
  4261 | D:4      | Found a sparkling altar of Nemelex Xobeh.
  4357 | D:5      | Entered Level 5 of the Dungeon
  4467 | D:5      | Noticed a sky beast
  4485 | D:5      | Killed a sky beast
  4486 | D:5      | Reached XP level 7. HP: 17/57 MP: 6/13
  4699 | D:4      | Learned a level 3 spell: Conjure Flame
  4780 | D:5      | Reached skill level 1 in Crossbows
  5123 | D:5      | Found a staircase to the Ecumenical Temple.
  5139 | Temple   | Entered the Ecumenical Temple
  5207 | Temple   | Became a worshipper of Vehumet
  5325 | D:5      | Reached skill level 5 in Spellcasting
  5325 | D:5      | Reached skill level 1 in Hexes
  6024 | D:5      | Found a shadowy altar of Dithmenos.
  6047 | D:5      | Reached XP level 8. HP: 66/66 MP: 8/15
  6182 | D:5      | Found an opulent altar of Gozag.
  6761 | D:6      | Reached * piety under Vehumet
  6761 | D:6      | Offered knowledge of Shock by Vehumet.
  6917 | D:6      | Reached skill level 6 in Spellcasting
  7099 | D:6      | Noticed a troll
  7105 | D:6      | Killed a troll
  7106 | D:6      | Reached skill level 5 in Fighting
  7106 | D:6      | Reached skill level 1 in Evocations
  7106 | D:6      | Reached XP level 9. HP: 74/74 MP: 11/18
  7115 | D:6      | Noticed Duvessa
  7139 | D:6      | Noticed Dowan
  7149 | D:6      | Killed Dowan
  7162 | D:6      | HP: 2/111 [Duvessa (4)]
  7162 | D:6      | Slain by Duvessa

Illustrated notes

Levels and vault maps discovered:
D:1:      psy_arrival_basics, layout_rooms
D:2:      layout_rooms, hellmonk_ecumenical_altar_blasted
D:3:      layout_rooms, serial_shops, shop
D:4:      layout_loops_ring, nemelex_diamond_rough_becter, uniq_blork_the_orc
D:5:      layout_loops_ring, mainiacjoe_overflow_tiny_flanked,
          lemuel_doored_altar, minmay_temple_entry_crystal_x
D:6:      layout_basic, uniq_duvessa
Temple:   eino_wide_crystal_templ

Skill      XL: |  1  2  3  4  5  6  7  8 |
---------------+-------------------------+-----
Fighting       | 1 2 3 5 |  5.1
Spellcasting   | 2 3 4 5 6 |  6.4
Stealth        | 2 |  2.7
Dodging        | 2 |  2.2
Crossbows      | 1 3 |  3.1
Hexes          | 1 2 |  2.5
Evocations     | 1 |  1.1
Axes           | |  0.1
Conjurations   | |  1.3
Fire Magic     | |  3.8

Action                   |  1- 3 |  4- 6 |  7- 9 || total
-------------------------+-------+-------+-------++-------
Melee: Unarmed           |     2 |       |       ||     2
       Hand axe          |       |     1 |    21 ||    22
 Cast: Foxfire           |    61 |   102 |    81 ||   244
       Ensorcelled Hiber |       |     2 |       ||     2
       Inner Flame       |       |     6 |    24 ||    30
       Conjure Flame     |       |       |    10 ||    10
Evoke: Wand              |       |       |     9 ||     9
  Use: Scroll            |       |     4 |     2 ||     6
       Potion            |       |       |     1 ||     1
Armor: Robe              |     3 |     6 |    11 ||    20
Dodge: Dodged            |    14 |    30 |    32 ||    76
